 Dungeon Crawl Stone Soup version 0.27.1-34-g3ba077fa99 (webtiles) character file.

Game seed: 12826760532396565905

251 sankara the Ruffian (level 5, -2/40 HPs)
             Began as a Minotaur Transmuter on Jan 21, 2022.
             Succumbed to a kobold brigand's curare-tipped dart
             ... in a sewer.
             The game lasted 00:07:34 (3605 turns).

sankara the Ruffian (Minotaur Transmuter)           Turns: 3605, Time: 00:07:34

Health: -2/40      AC:  2    Str: 14    XL:     5   Next: 88%
Magic:  0/6        EV: 12    Int: 10    God:
Gold:   130        SH:  0    Dex: 12    Spells: 1/7 levels left

rFire    . . .     SeeInvis .     - Unarmed
rCold    . . .     Faith    .   (no shield)
rNeg     . . .     Spirit   +   a - +0 robe
rPois    .         Reflect  .   (helmet restricted)
rElec    .         Harm     .   (no cloak)
rCorr    .         Rampage  .   (no gloves)
Will     .....                  (no boots)
Stlth    +.........             l - amulet of guardian spirit
HPRegen  0.13/turn              (no ring)
MPRegen  0.10/turn              (no ring)

@: lethally poisoned (-2 -> -20)
A: horns 2, retaliatory headbutt
a: no special abilities


You were in a sewer.
You visited 1 branch of the dungeon, and saw 3 of its levels.
You also visited: Sewer.

You collected 130 gold pieces.

Inventory:

Missiles
 b - 22 sling bullets
 c - 92 stones
Armour
 a - a +0 robe (worn)
Jewellery
 l - an amulet of guardian spirit (around neck)
Scrolls
 g - a scroll of teleportation {unknown}
 h - a scroll of blinking {unknown}
 i - a scroll of fog
 j - a scroll of magic mapping
 n - 2 scrolls of holy word {unknown}
 o - a scroll of summoning {unknown}
Potions
 d - 2 potions of berserk rage
 e - 2 potions of magic
 k - a potion of invisibility {unknown}
 m - 2 potions of heal wounds {unknown}
 p - a potion of mutation {unknown}


   Skills:
 - Level 1.2 Fighting
 - Level 2.1 Dodging
 + Level 4.9 Unarmed Combat
 - Level 1.5 Spellcasting
 * Level 3.5 Transmutations
 * Level 1.8 Poison Magic


You had one spell level left.
You knew the following spells:

 Your Spells              Type           Power      Damage    Failure   Level
a - Beastly Appendage     Tmut           14%        N/A       8%          1
b - Wereblood             Tmut           7%         N/A       12%         2
c - Spider Form           Tmut/Pois      3%         N/A       32%         3

Your spell library contained the following spells:

 Spells                   Type           Power      Damage    Failure   Level
 Pain                     Necr           0%         1d4       32%         1
 Passwall                 Tmut/Erth      3%         N/A       24%         2
 Swiftness                Air            0%         N/A       69%         3
 Ice Form                 Ice/Tmut       4%         N/A       85%         4
 Agony                    Necr           0%         N/A       100%        5
 Excruciating Wounds      Necr           0%         N/A       100%        5
 Invisibility             Hex            0%         N/A       100%        6


Dungeon Overview and Level Annotations

Branches:
Dungeon (3/15)              Sewer (1/1)

Altars:
Cheibriados

Shops:
D:2 *


Innate Abilities, Weirdness & Mutations

You have a pair of horns on your head.
You reflexively headbutt those who attack you in melee.


Message History

The kobold brigand barely misses you.
Things that are here:
a +0 dagger; 5 poisoned darts; a kobold corpse You bite the kobold brigand!
The kobold brigand is poisoned.
The kobold brigand is moderately wounded.
The kobold brigand hits you with a +0 dagger.
You closely miss the kobold brigand.
The kobold brigand is moderately wounded.
The kobold brigand barely misses you.
You barely miss the kobold brigand.
The kobold brigand is moderately wounded.
Your transformation has ended.
Your +0 robe unmelds from your body.
The kobold brigand hits you with a +0 dagger.
You hit the kobold brigand but do no damage.
You headbutt the kobold brigand.
The kobold brigand is heavily wounded.
You hit the kobold brigand but do no damage.
The kobold brigand is severely wounded.
The kobold brigand hits you with a +0 dagger.
You hit the kobold brigand but do no damage.
The kobold brigand is severely wounded.
The kobold brigand hits you with a +0 dagger.
You are too injured to fight recklessly!
You are too injured to fight recklessly!
You closely miss the kobold brigand.
The kobold brigand is severely wounded.
The kobold brigand hits you with a +0 dagger!
* * * LOW HITPOINT WARNING * * *
The kobold brigand throws a curare-tipped dart.
The curare-tipped dart hits you.
You are lethally poisoned!
You have difficulty breathing.
* * * LOW HITPOINT WARNING * * *
You feel yourself slow down.
It was a potion of cancellation.
Your magical effects are unravelling.
You feel magically purged.
You feel yourself speed up.
You die...

# ##### #### #.# ##≈..##
##..≈
#..≈#####≈.≈..#####.≈..
#..!K)@.....≈.≈≈≈≈≈...≈
#≈!..####..≈..#####≈...
##.## ##≈.≈## ##..≈ #
##≈## ##≈# #≈# #≈# #≈#
#≈# ##### ##≈## ##≈#
##...## ##≈..## ##...
#≈..≈.####.....#####...∩


You could see a kobold brigand (very poisoned).

Vanquished Creatures
  A kobold brigand (Sewer)
  Terence (D:3)
  7 adders
  A river rat (Sewer)
  4 worms
  2 dart slugs
  10 ball pythons
  5 endoplasms
  3 giant cockroaches
  8 goblins
  3 hobgoblins
  3 jackals (D:3)
  5 quokkas
  2 bats
  5 frilled lizards
  6 kobolds
  7 rats
73 creatures vanquished.

Notes
Turn   | Place    | Note
-------+----------+-------------------------------------------
     0 | D:1      | sankara the Minotaur Transmuter began the quest for the
                  | Orb.
     0 | D:1      | Reached XP level 1. HP: 16/16 MP: 1/1
   293 | D:1      | Reached XP level 2. HP: 18/23 MP: 1/3
   298 | D:1      | Learned a level 2 spell: Wereblood
  1190 | D:2      | Found Ibrup's Assorted Antiques.
  1213 | D:2      | Reached skill level 4 in Unarmed Combat
  1213 | D:2      | Reached XP level 3. HP: 28/28 MP: 2/4
  2310 | D:2      | Reached XP level 4. HP: 33/35 MP: 3/5
  2321 | D:2      | Learned a level 3 spell: Spider Form
  2680 | D:3      | Noticed Terence
  2694 | D:3      | Killed Terence
  2777 | D:3      | Found a snail-covered altar of Cheibriados.
  2867 | D:3      | Found a glowing drain.
  2875 | D:3      | Reached skill level 1 in Poison Magic
  3017 | Sewer    | Entered a sewer
  3026 | Sewer    | Reached XP level 5. HP: 39/40 MP: 1/6
  3605 | Sewer    | Succumbed to a kobold brigand's curare-tipped dart

Illustrated notes

Levels and vault maps discovered:
D:1:      dpeg_arrival_orchard, layout_loops_corners, st_stairs_1
D:2:      layout_basic, serial_shops, nicolae_shop_trees, minivault_26,
          minmay_misc_feat_enclosed, minivault_5, minivault_5
D:3:      layout_loops_cross, cheibriados_altar_1, gup_sewer_entry_bubbles,
          uniq_terence
Sewer:    sewer_co_15_rooms

Skill      XL: |  1  2  3  4 |
---------------+-------------+-----
Transmutations | 2 3 |  3.5
Unarmed Combat | 4 |  4.9
Poison Magic   | 1 |  1.8
Fighting       | |  1.2
Dodging        | |  2.1
Spellcasting   | |  1.5

Action                   |  1- 3 |  4- 6 || total
-------------------------+-------+-------++-------
Melee: Unarmed           |   105 |    96 ||   201
       Kick              |    17 |     5 ||    22
       Headbutt          |    16 |     5 ||    21
       Punch             |     2 |       ||     2
 Cast: Beastly Appendage |    29 |     7 ||    36
       Spider Form       |       |    12 ||    12
  Use: Scroll            |       |     6 ||     6
       Potion            |       |     2 ||     2
Armor: Robe              |    10 |    11 ||    21
       Skin              |       |     5 ||     5
Dodge: Dodged            |    48 |   106 ||   154
